 Dungeon Crawl Stone Soup version 0.31-a0-636-ge1c0e020e0 (webtiles) character file.

Game seed: 8190924842409057256

96 Shayle the Ruffian (level 4, -2/41 HPs)
             Began as an Ogre Shapeshifter on Aug 27, 2023.
             Slain by an iguana (6 damage)
             ... on level 4 of the Dungeon.
             The game lasted 00:02:54 (2044 turns).

Shayle the Ruffian (Ogre Shapeshifter)              Turns: 2044, Time: 00:02:55

Health: -2/41      AC:  3    Str: 18    XL:     4   Next: 67%
Magic:  4/4        EV:  9    Int: 13    God:
Gold:   92         SH:  0    Dex:  8    Spells: 3/3 levels left

rFire   . .          .
                       - Unarmed
rCold   . . .        (no shield)
rNeg    . . .        a - +0 animal skin
rPois   .            (helmet currently unavailable)
rElec   .            (cloak currently unavailable)
rCorr   .            (gloves unavailable)
SInv    .            (boots unavailable)
Will    .....        (no amulet)
Stlth   +            (no ring)
HPRegen 0.26/turn    (no ring)
MPRegen 0.09/turn

%: no passive effects
@: beast-form
A: beast (slay +1), large, unfitting armour, tough skin 1
a: Begin Untransformation


You were on level 4 of the Dungeon.
You were a hulking beast.
You visited 1 branch of the dungeon, and saw 4 of its levels.

You collected 92 gold pieces.

Inventory:

Armour
 a - a +0 animal skin (worn)
 n - a +0 cloak
Talismans
 c - a beast talisman (active)
 d - a flux talisman
Scrolls
 g - a scroll of noise {unknown}
 i - a scroll of poison {unknown}
 j - 4 scrolls of identify {unknown}
 k - a scroll of enchant weapon {unknown}
 l - a scroll of silence {unknown}
 m - 3 scrolls of teleportation {unknown}
Potions
 b - a potion of lignification
 e - 2 potions of heal wounds
 f - 2 potions of haste {unknown}
 h - a potion of mutation {unknown}


   Skills:
 - Level 1.3 Fighting
 - Level 1.7 Dodging
 + Level 4.8 Unarmed Combat
 - Level 3.0 Shapeshifting


You had 3 spell levels left.
You didn't know any spells.
Your spell library contained the following spells:

 Spells                   Type           Power      Damage    Failure   Level
 Ozocubu's Armour         Ice            0%         N/A       67%         3
 Metabolic Englaciation   Hex/Ice        0%         N/A       100%        5
 Simulacrum               Ice/Necr       0%         N/A       100%        6


Dungeon Overview and Level Annotations

Branches:
Dungeon (4/15)
 Temple: D:4-7

Altars:

Shops:
D:2 ![?


Innate Abilities, Weirdness & Mutations

You are a hulking beast.
Your limbs bulge with bestial killing power. (Slay +1)
You are too large for most types of armour.
You have tough skin. (AC +1)


Message History

There is a stone staircase leading down here.
You climb downwards.
Found a dagger.
There is a stone staircase leading up here.
You see here a +0 dagger.
Found a cloak.
No target in view!
Found 6 stones and a whip.
No target in view!
You see here 6 stones.
Found a stone staircase leading down.
No target in view!
You see here 6 stones.
You see here a +0 cloak.
n - a +0 cloak You see here 6 stones.
An iguana comes into view.
Found a scroll labelled OMAGEN ZINO.
An iguana is nearby!
Found 3 stones.
An iguana is nearby!
The iguana bites you!
An iguana is nearby!
You closely miss the iguana. You hit the iguana.
The iguana is moderately wounded.
The iguana bites you.
You hit the iguana.
The iguana is heavily wounded.
The iguana bites you!
You are too injured to fight recklessly!
You are too injured to fight recklessly!
You hit the iguana but do no damage.
The iguana is heavily wounded.
The iguana bites you!
* * * LOW HITPOINT WARNING * * *
You hit the iguana.
The iguana is severely wounded.
The iguana bites you.
You die...

#........# #........#
#........#
#######........#
......#........#
...............#
...............# ###
......lh..)########<#
.....>.......(...##)#
.(........######.##.#
..?.......##...#.##.#
#...##....##.#...##.#
#.## #######.###....#
. #.....#### #######


You could see an iguana.

Vanquished Creatures
  A gnoll (D:3)
  2 adders (D:2)
  2 worms (D:2)
  A dart slug (D:1)
  3 orcs (D:3)
  5 ball pythons
  6 bats
  3 endoplasms
  3 giant cockroaches
  5 goblins
  5 hobgoblins
  3 jackals (D:3)
  2 quokkas (D:1)
  2 frilled lizards
  7 kobolds
  5 rats
55 creatures vanquished.

Notes
Turn   | Place    | Note
-------+----------+-------------------------------------------
     0 | D:1      | Shayle the Ogre Shapeshifter began the quest for the Orb.
     0 | D:1      | Reached XP level 1. HP: 19/19 MP: 1/1
    71 | D:1      | Reached skill level 3 in Unarmed Combat
   131 | D:1      | Reached XP level 2. HP: 26/27 MP: 2/2
   179 | D:1      | You fall into a shaft and drop 1 floor!
   303 | D:2      | Found Wubik's Magic Scroll Shoppe.
   317 | D:2      | Reached XP level 3. HP: 25/33 MP: 3/3
   356 | D:2      | Found Haych's Antique Armour Boutique.
   508 | D:2      | Found Ythruhergh's Distillery.
   608 | D:2      | Reached skill level 4 in Unarmed Combat
  1274 | D:1      | Reached XP level 4. HP: 41/41 MP: 4/4
  2044 | D:4      | Slain by an iguana

Illustrated notes

Levels and vault maps discovered:
D:1:      zaba_arrival_water, layout_basic
D:2:      layout_loops_ring, serial_shops, shop, nicolae_shop_peninsula, shop
D:3:      lemuel_castle_with_subvaults [lemuel_castle_interior_carwin_3],
          layout_loops_cross, minmay_misc_feat_pillars,
          nicolae_houndstooth_variations, uniq_jessica
D:4:      layout_basic

Skill      XL: |  1  2  3 |
---------------+----------+-----
Unarmed Combat | 3 4 |  4.8
Fighting       | |  1.3
Dodging        | |  1.7
Shapeshifting  | |  3.0

Action                     |  1- 3 |  4- 6 || total
---------------------------+-------+-------++-------
  Melee: Unarmed           |   100 |    77 ||   177
         Punch             |     1 |     5 ||     6
    Use: Potion            |       |     2 ||     2
 Armour: Animal skin       |    45 |    21 ||    66
  Dodge: Dodged            |    37 |    29 ||    66

Table legend: (Time is in decaauts)
 A = Elapsed time spent in this place.
 B = Non-inter-level travel time spent in this place.
 C = Inter-level travel time spent in this place.
 D = Time resting spent in this place.
 E = Time spent auto-exploring this place.
 F = Levels seen in this place.
 G = Mean time per level.
                   A        B        C        D        E       F      G
               +--------+--------+--------+--------+--------+-----+--------+
         Total |   2029 |   1909 |    120 |     31 |   1483 |   4 |  507.2 |
       Dungeon |   2029 |   1909 |    120 |     31 |   1483 |   4 |  507.2 |
               +--------+--------+--------+--------+--------+-----+--------+

Top non-repeatable levels by time:
     D:2: 958 daAuts
     D:1: 628 daAuts
     D:3: 397 daAuts
     D:4: 45 daAuts
